 Dungeon Crawl Stone Soup version 0.20.1-1-g8b1a95d66d (webtiles) character file.

98 NullDivider the Sneak (level 4, 0/29 HPs)
             Began as an Octopode Artificer on Dec 5, 2017.
             Killed from afar by Sigmund (6 damage)
             ... with a magic dart
             ... on level 2 of the Dungeon.
             The game lasted 00:06:42 (1662 turns).

NullDivider the Sneak (Octopode Artificer)          Turns: 1662, Time: 00:06:43

Health: 0/29       AC:  1    Str: 11    XL:     4   Next: 71%
Magic:  6/6        EV: 14    Int: 13    God:
Gold:   100        SH:  0    Dex: 13    Spells: 3/3 levels left

rFire    . . .     SeeInvis .   p - +0 dagger
rCold    . . .     Gourm    .   (no shield)
rNeg     . . .     Faith    .   (helmet restricted)
rPois    .         Spirit   .   (no amulet)
rElec    .         Reflect  .   (no ring)
rCorr    .         Harm     .   (no ring)
MR       .....                  (no ring)
Stlth    +++.......             (no ring)
Regen    0.1/turn               (no ring)
MPRegen  0.1/turn               (no ring)
                                (no ring)
                                (no ring)

@: flying
A: almost no armour, stealthy swim, amphibious, 8 rings, constrict 8, camouflage
1, gelatinous body 1
a: no special abilities


You were on level 2 of the Dungeon.
You were not hungry.

You visited 1 branch of the dungeon, and saw 2 of its levels.

You collected 100 gold pieces.

Inventory:

Hand Weapons
 p - a +0 dagger (weapon)
Jewellery
 r - an uncursed amulet of magic regeneration {unknown}
Wands
 b - a wand of flame (15/48)
 c - a wand of enslavement (14/24)
 d - a wand of random effects (11/48)
Scrolls
 a - a scroll of fear {unknown}
 e - a scroll of magic mapping {unknown}
 i - 2 scrolls of fog {unknown}
 j - 2 scrolls of teleportation {unknown}
 m - a scroll of identify {unknown}
 n - 2 scrolls of random uselessness {unknown}
 o - 2 scrolls of immolation {unknown}
Potions
 k - a potion of flight
 l - a potion of might {unknown}
Comestibles
 f - a bread ration
 g - a royal jelly
 h - 4 meat rations
 q - 6 chunks of flesh


   Skills:
 + Level 2.0 Fighting
 + Level 1.8 Short Blades
 + Level 2.5 Dodging
 * Level 3.9 Stealth
 + Level 3.7 Evocations


You had 3 spell levels left.
You didn't know any spells.

Dungeon Overview and Level Annotations

Branches:
Dungeon (2/15)

Altars:
Elyvilon
Fedhas

Annotations:
D:2 Sigmund


Innate Abilities, Weirdness & Mutations

You cannot wear most types of armour.
You are very stealthy in the water. (Stealth+)
You are amphibious.
You can wear up to eight rings at the same time.
You can use your tentacles to constrict eight enemies at once.
Your skin changes colour to match your surroundings (Stealth+).
Your rubbery body absorbs attacks. (AC +1, EV +1)


Message History

Press: ? - help, Shift-Dir - straight line Nothing appears to happen.
This wand has 13 charges left.
Something hits you but does no damage.
Evoke which item? (* to show all) (? for menu, Esc to quit)
Aiming: Random Effects
Press: ? - help, Shift-Dir - straight line The puff of frost hits something.
This wand has 12 charges left.
Something hits you!
* * * LOW HITPOINT WARNING * * *
It was a potion of flight.
You feel very buoyant.
You fly up into the air.
Evoke which item? (* to show all) (? for menu, Esc to quit)
Aiming: Random Effects
Press: ? - help, Shift-Dir - straight line The bolt of negative energy hits something.
This wand has 11 charges left.
A magic dart appears from out of thin air!
The magic dart hits you!
You die...

#.#....# #.#..#
#<#..#.#
#.#..######
#######..#.#
#.........#
[.......>#.#
#.#÷#####.#
##########.#
#.#.# .# #.#
#.#.# # ########
#.# #.#.#
.......# .#
#.#.# ######.#
#@#.# #.#
####.#.######
#.#
#...{........
#.#
#.#.#[#.#.#.#
#.#
#..).........
#.# #
##...⌠.....⌠..
#.#
#.#..)...._.....
#.#
#?.....†.....⌠..
#.#
####.....($.....


There were no monsters in sight!

Vanquished Creatures
  Jessica (D:2)
  An adder (D:2)
  2 oozes
  A worm (D:2)
  A dart slug (D:1)
  6 leopard geckos (D:2)
  6 bats
  4 goblins
  3 hobgoblins (D:1)
  4 kobolds
  A quokka (D:2)
  3 ball pythons
  2 frilled lizards
  5 rats
40 creatures vanquished.

Vanquished Creatures (collateral kills)
  2 worms (D:2)
  A goblin (D:2)
  A kobold (D:2)
4 creatures vanquished.

Vanquished Creatures (others)
  4 toadstools (D:1)
4 creatures vanquished.

Grand Total: 48 creatures vanquished

Notes
Turn   | Place    | Note
-------+----------+-------------------------------------------
     0 | D:1      | NullDivider the Octopode Artificer began the quest for the Orb.
     0 | D:1      | Reached XP level 1. HP: 13/13 MP: 3/3
   188 | D:1      | Reached XP level 2. HP: 11/18 MP: 4/4
   718 | D:2      | Reached XP level 3. HP: 13/23 MP: 5/5
  1167 | D:2      | Found a blossoming altar of Fedhas.
  1352 | D:2      | Noticed Jessica
  1359 | D:2      | Killed Jessica
  1359 | D:2      | Reached XP level 4. HP: 29/29 MP: 6/6
  1628 | D:2      | Noticed Sigmund
  1629 | D:2      | Found a white marble altar of Elyvilon.
  1662 | D:2      | Killed from afar by Sigmund

Skill      XL: |  1  2  3  4 |
---------------+-------------+-----
Stealth        | 2 3 |  3.9
Fighting       | 2 |  2.0
Short Blades   | |  1.8
Dodging        | |  2.5
Evocations     | |  3.7

Action                   |  1- 3 |  4- 6 || total
-------------------------+-------+-------++-------
Melee: Short sword       |    58 |       ||    58
       Constrict         |    14 |     4 ||    18
       Tentacles         |     7 |     1 ||     8
       Dagger            |       |    15 ||    15
Evoke: Wand              |       |     5 ||     5
  Use: Potion            |       |     1 ||     1
 Stab: Sleeping          |    10 |     4 ||    14
  Eat: Chunk             |     1 |     1 ||     2
Armor: Skin              |     4 |     1 ||     5
Dodge: Dodged            |    32 |     8 ||    40
